 Dungeon Crawl Stone Soup version 0.22.0-75-g3901e79 (webtiles) character file.

46 Starchild the Bolt Thrower (level 3, -5/20 HPs)
             Began as a Kobold Arcane Marksman on Sept 13, 2018.
             Slain by a centaur skeleton (8 damage)
             ... on level 2 of the Dungeon on Sept 14, 2018.
             The game lasted 00:05:11 (1150 turns).

Starchild the Bolt Thrower (Kobold Arcane Marksman) Turns: 1150, Time: 00:05:11

Health: -5/20      AC:  2    Str:  7    XL:     3   Next: 92%
Magic:  2/4        EV: 15    Int: 15    God:
Gold:   57         SH:  0    Dex: 15    Spells: 1/4 levels left

rFire    . . .     SeeInvis .   g - +2 dagger (drain)
rCold    . . .     Gourm    .   (shield restricted)
rNeg     . . .     Faith    .   e - +0 robe
rPois    .         Spirit   .   (no helmet)
rElec    .         Reflect  .   (no cloak)
rCorr    .         Harm     .   (no gloves)
MR       .....                  (no boots)
Stlth    +.........             (no amulet)
HPRegen  0.06/turn              (no ring)
MPRegen  0.09/turn              (no ring)

@: very slightly contaminated
A: small, carnivore
a: no special abilities


You were on level 2 of the Dungeon.
You were not hungry.

You visited 1 branch of the dungeon, and saw 2 of its levels.

You collected 57 gold pieces.

Inventory:

Hand Weapons
 a - a +0 hand crossbow
 g - a +2 dagger of draining (weapon)
Missiles
 d - 33 bolts
 l - 30 stones (quivered)
Armour
 e - a +0 robe (worn)
Scrolls
 b - a scroll of identify
 c - a scroll of blinking {unknown}
 h - a scroll of amnesia {unknown}
 k - a scroll of teleportation {unknown}
 m - a scroll of magic mapping
 p - a scroll of remove curse {unknown}
Potions
 i - a potion of haste
 j - a potion of brilliance
 n - a potion of berserk rage {unknown}
 o - a potion of curing {unknown}
 q - a potion of lignification {unknown}
Comestibles
 f - 3 rations


   Skills:
 - Level 1.1 Fighting
 + Level 3.0 Short Blades
 - Level 3.7 Crossbows
 - Level 2.4 Dodging
 - Level 1.1 Spellcasting
 - Level 3.0 Hexes


You had one spell level left.
You knew the following spells:

 Your Spells              Type           Power        Failure   Level  Hunger
a - Corona                Hex            #......      7%          1    ##.....
b - Slow                  Hex            #.......     11%         2    ###....

Your spell library contained the following spells:

 Spells                   Type           Power        Failure   Level  Hunger
 Inner Flame              Hex/Fire       #.......     36%         3    ####...
 Portal Projectile        Hex/Tloc       #.....       36%         3    ####...
 Cause Fear               Hex            #.........   56%         4    #####..
 Leda's Liquefaction      Hex/Erth       #.........   78%         4    #####..


Dungeon Overview and Level Annotations

Branches:
Dungeon (2/15)

Altars:


Innate Abilities, Weirdness & Mutations

You are small and have problems with some larger weapons.
You are carnivorous and can eat meat at any time.


Message History

Press: ? - help, Shift-Dir - straight line, f/p - centaur skeleton
Aim: a centaur skeleton (moderately damaged)
You shoot a bolt. The bolt hits the centaur skeleton!
The centaur skeleton is heavily damaged.
Wield which item (- for none, * to show all)? (? for menu, Esc to quit)
You sense an unholy aura.
g - a +2 dagger of draining (weapon)
The centaur skeleton hits you.
You hit the centaur skeleton.
The centaur skeleton is severely damaged.
The centaur skeleton misses you.
You hit the centaur skeleton.
The centaur skeleton is severely damaged.
The centaur skeleton hits you!
You hit the centaur skeleton.
The centaur skeleton is almost destroyed.
The centaur skeleton hits you.
* * * LOW HITPOINT WARNING * * *
The centaur skeleton hits you!
You die...

#..#.#* *#...###
########....# *#......((...#
**............####
*,...........†...#
*,.............#.#
*,..%..........#.#
*,....(...Z@...#.###########
*,....(........#............
**?...>.......###..#########
*#..........##....########.
#############...).........
#.............#
********#.#.........###
*,,,,,,.............#
**,****#...#.........#


You could see a centaur skeleton.

Vanquished Creatures
  An adder (D:2)
  A dart slug (D:2)
  2 leopard geckos (D:1)
  3 giant cockroaches
  5 goblins
  5 hobgoblins
  2 jackals (D:1)
  3 bats
  3 frilled lizards (D:1)
  2 kobolds (D:1)
  6 rats
33 creatures vanquished.

Notes
Turn   | Place    | Note
-------+----------+-------------------------------------------
     0 | D:1      | Starchild the Kobold Arcane Marksman began the quest for
                  | the Orb.
     0 | D:1      | Reached XP level 1. HP: 12/12 MP: 2/2
    32 | D:1      | Reached XP level 2. HP: 16/16 MP: 3/3
   471 | D:1      | Learned a level 2 spell: Slow
   478 | D:1      | Reached skill level 1 in Short Blades
   551 | D:1      | Reached XP level 3. HP: 20/20 MP: 4/4
  1150 | D:2      | Slain by a centaur skeleton

Skill      XL: |  1  2  3 |
---------------+----------+-----
Crossbows      | 3 |  3.7
Short Blades   | 1 3 |  3.0
Fighting       | |  1.1
Dodging        | |  2.4
Spellcasting   | |  1.1
Hexes          | |  3.0

Action                   || total
-------------------------++-------
Melee: Dagger            ||    57
 Fire: Hand crossbow     ||    36
Throw: Stone             ||     8
  Use: Scroll            ||     3
 Stab: Sleeping          ||     1
  Eat: Chunk             ||     3
Armor: Robe              ||    13
Dodge: Dodged            ||    53
